AoeStats
← 139

Arena

510049367Analyzed
2v2 RM · 4d ago on Sep 29, 2026· 23m 55s· 4 players
Game mode
Random Map
Map size
Medium (4 player)
Population
200
Speed
Normal
Resources
Standard
Victory
Conquest
Starting age
Dark Age
Ending age
Imperial Age
RankedLock teamsTeams togetherTeam positionsShared explorationLock speedFull tech treeHidden civsTurbo modeCheats
Victory
Defeat
🇹🇼 Danes · Taiwan
1085
+14
🇨🇳 Franks · China
1083
+14
🇺🇸 Spanish · United States
1038
-41
🇹🇼 Mongols · Taiwan
1036
-14
SALTineKracker17
13:20 Feudal Age
13:47 Horse Collar
14:02 Double-Bit Axe
18:16 Forging
18:07 Scale Mail Armor
18:54 Gold Mining
18:58 Man-at-Arms
小胖胖
sky_wu
1:36 Loom
10:31 Feudal Age
15:25 Castle Age
21:06 Double-Bit Axe
139
6:05 Loom
12:07 Feudal Age
13:49 Double-Bit Axe
16:24 Castle Age
14:31 Gold Mining
15:43 Stone Mining
16:37 Forging
16:33 Scale Barding Armor
18:46 Wheelbarrow
Connection lost

Rejoining the realm…

Still unreachable

The connection could not be restored.

Session expired

The server has moved on; the page needs a fresh start.